 Dungeon Crawl Stone Soup version 0.22.1-2-g9c5b331 (webtiles) character file.

238 wojtek the Cudgeler (level 6, 35/37 HPs)
             Began as a Gargoyle Fighter on Dec 10, 2018.
             Starved to death
             ... on level 4 of the Dungeon.
             The game lasted 00:04:13 (3443 turns).

wojtek the Cudgeler (Gargoyle Fighter)              Turns: 3443, Time: 00:04:14

Health: 35/37      AC: 12    Str: 22    XL:     6   Next: 7%
Magic:  6/6        EV:  7    Int:  8    God:
Gold:   226        SH:  9    Dex:  9    Spells: 5/5 levels left

rFire    . . .     SeeInvis .   a - +0 flail (crush)
rCold    . . .     Gourm    .   c - +0 shield
rNeg     + . .     Faith    .   b - +0 scale mail
rPois    ∞         Spirit   .   (no helmet)
rElec    +         Reflect  .   (no cloak)
rCorr    .         Harm     .   (no gloves)
MR       .....                  n - +0 pair of boots
Stlth    ..........             x - amulet of regeneration
HPRegen  0.52/turn              (no ring)
MPRegen  0.10/turn              (no ring)

@: fainting
A: negative energy resistance 1, electricity resistance, unbreathing,
petrification resistance, rot immunity, AC +4
a: no special abilities


You were on level 4 of the Dungeon.
You were fainting.

You visited 1 branch of the dungeon, and saw 4 of its levels.

You collected 226 gold pieces.

Inventory:

Hand Weapons
 a - a +0 flail of crushing (weapon)
Missiles
 j - 2 throwing nets (quivered)
Armour
 b - a +0 scale mail (worn)
 c - a +0 shield (worn)
 n - a +0 pair of boots (worn)
Jewellery
 l - an uncursed ring of ice {unknown}
 s - an uncursed ring of fire {unknown}
 x - an amulet of regeneration (around neck)
Scrolls
 i - 3 scrolls of identify {unknown}
 k - 3 scrolls of remove curse {unknown}
 o - a scroll of magic mapping {unknown}
 q - a scroll of amnesia {unknown}
 r - a scroll of fear {unknown}
 t - a scroll of blinking {unknown}
 v - 3 scrolls of teleportation {unknown}
Potions
 d - 2 potions of might
 e - 3 potions of heal wounds {unknown}
 g - 2 potions of ambrosia {unknown}
 h - a potion of brilliance {unknown}
 m - a potion of berserk rage {unknown}
 p - a potion of haste {unknown}
 w - a potion of agility {unknown}


   Skills:
 + Level 3.6 Fighting
 + Level 5.4 Maces & Flails
 + Level 3.6 Armour
 + Level 0.9 Dodging
 + Level 3.6 Shields


You had 5 spell levels left.
You didn't know any spells.
Your spell library was empty.

Dungeon Overview and Level Annotations

Branches:
Dungeon (4/15)
 Temple: D:4-7

Altars:
Qazlal
Xom


Innate Abilities, Weirdness & Mutations

You are resistant to torment.
Your stone body is resilient. (AC +4)
You are immune to poison.
You resist negative energy. (rN+)
You are resistant to electric shocks. (rElec)
You can survive without breathing.
You are immune to petrification.
You are immune to rotting.


Message History

The hungry ghost hits you.
You feel slightly more hungry.
You closely miss the hungry ghost.
The hungry ghost is almost destroyed.
You block the hungry ghost's attack.
You miss the hungry ghost.
The hungry ghost is almost destroyed.
The hungry ghost hits you.
You feel slightly more hungry.
Your shield and scale mail prevent you from hitting the hungry ghost.
The hungry ghost is almost destroyed.
The hungry ghost hits you.
You feel slightly more hungry.
You hit the hungry ghost but do no damage.
The hungry ghost is almost destroyed.
The hungry ghost hits you.
You feel slightly more hungry.
You barely miss the hungry ghost.
The hungry ghost is almost destroyed.
You block the hungry ghost's attack. The hungry ghost hits you.
You closely miss the hungry ghost.
The hungry ghost is almost destroyed.
You have starved to death.
You die...

........<'..........
..........####...##.#
P.P#.....## ##.###.#
..P#....## ##########
.. #...#####.#.#...#
##+####...#...#
#.......#...# # ##
#...#####...#.#
#.###@W.###...#...#
#...........#.#.#.!.#
.............######
###
.............##.##
#######............
#...######### #...#
##.## #.#


You could see a hungry ghost.

Vanquished Creatures
  A hound (D:4)
  An orc priest (D:3)
  A worker ant (D:4)
  A hound skeleton (D:4)
  3 adders
  3 oozes
  A worm (D:2)
  5 dart slugs
  6 leopard geckos
  3 orcs
  6 bats
  7 giant cockroaches
  8 goblins
  6 hobgoblins
  6 jackals
  5 kobolds
  A quokka (D:3)
  A ball python (D:3)
  8 frilled lizards
  4 rats
77 creatures vanquished.

Notes
Turn   | Place    | Note
-------+----------+-------------------------------------------
     0 | D:1      | wojtek the Gargoyle Fighter began the quest for the Orb.
     0 | D:1      | Reached XP level 1. HP: 14/14 MP: 1/1
    57 | D:1      | Reached XP level 2. HP: 18/19 MP: 2/2
   135 | D:1      | Reached skill level 3 in Maces & Flails
   279 | D:1      | Reached XP level 3. HP: 21/23 MP: 3/3
   920 | D:2      | Reached skill level 4 in Maces & Flails
  1014 | D:2      | Found a stormy altar of Qazlal.
  1226 | D:2      | Reached XP level 4. HP: 28/28 MP: 4/4
  2370 | D:3      | Reached skill level 5 in Maces & Flails
  2370 | D:3      | Reached XP level 5. HP: 27/32 MP: 5/5
  2776 | D:3      | Found a shimmering altar of Xom.
  3226 | D:4      | Reached XP level 6. HP: 37/37 MP: 6/6
  3329 | D:4      | Noticed a hungry ghost
  3397 | D:4      | Paralysed by fainting for 12 turns
  3443 | D:4      | Starved to death

Skill      XL: |  1  2  3  4 |
---------------+-------------+-----
Maces & Flails | 3 4 5 |  5.4
Fighting       | |  3.6
Armour         | |  3.6
Dodging        | |  0.9
Shields        | |  3.6

Action                   |  1- 3 |  4- 6 || total
-------------------------+-------+-------++-------
Melee: Flail             |   107 |   292 ||   399
  Eat: Chunk             |     1 |     9 ||    10
       Ration            |       |     4 ||     4
Armor: Scale mail        |    62 |   191 ||   253
Dodge: Dodged            |    31 |    93 ||   124
Block: Shield            |    56 |   194 ||   250
